Cogmind - Beta 15 @@@ ROGUE MODE // 2025.07.19 @ 10:10:11 Player: shapeshifter Result: Destroyed by 98-21R(R) with Subdweller Machine Gun Performance ------------- Evolutions (0) 0 Regions Visited (2) 400 Robots Destroyed (3) 15 Value Destroyed (48) 48 Prototype IDs (0) 0 Alien Tech Used (0) 0 Bonus (0) 0 TOTAL SCORE: 463 Bonus ------- None Cogmind --------- Core Integrity 0/250 Matter 270/300 Energy 125/125 System Corruption 0% Temperature Cool (6) Movement Treading (160) Location -10/Subcaves Parts ------- > --- POWER (1) -------- Light Ion Engine > --- PROPULSION (2) --- Light Treads > --- UTILITY (2) ------ (None) > --- WEAPON (2) ------- (None) > --- INVENTORY (5) ---- Light Treads Light Treads Subdweller Optics Peak State ------------ > --- POWER ------------ Subdweller Power Source > --- PROPULSION ------- Aluminum Leg Aluminum Leg > --- UTILITY ---------- Small Storage Unit Seismic Detector > --- WEAPON ----------- Subdweller Laser Assault Rifle > --- INVENTORY -------- Light Ion Engine Light Treads Light Treads Light Treads Light Treads Subdweller Optics Scrap Shield [Rating: 10] Favorites ----------- Power Ion Engine Engine Ion Engine Propulsion Aluminum Leg Treads Light Treads Leg Aluminum Leg Utility Small Storage Unit Device Seismic Detector Storage Small Storage Unit Protection Scrap Shield Weapon Assault Rifle Energy Gun Medium Laser Ballistic Gun Assault Rifle Build | -11 -10 -10 ------- Run | Yrd Mat Sub Slots Evolved . | . . . Power . | . . . Propulsion . | . . . Utility . | . . . Weapon . | . . . Parts Attached 13 | 7 . 6 Power 3 | 1 . 2 Engine 3 | 1 . 2 Core . | . . . Reactor . | . . . Propulsion 4 | 2 . 2 Treads 2 | . . 2 Leg 2 | 2 . . Wheel . | . . . Hover . | . . . Flight . | . . . Utility 3 | 2 . 1 Device 1 | 1 . . Storage 1 | 1 . . Processor . | . . . Hackware . | . . . Protection 1 | . . 1 Artifact . | . . . Weapon 3 | 2 . 1 Energy Gun 2 | 1 . 1 Energy Cannon . | . . . Ballistic Gun 1 | 1 . . Ballistic Cannon . | . . . Launcher . | . . . Special Weapon . | . . . Impact Weapon . | . . . Slashing Weapon . | . . . Piercing Weapon . | . . . Special Melee Weapon . | . . . Unidentified Prototypes . | . . . Parts Lost 6 | . . 6 Power . | . . . Propulsion 2 | . . 2 Utility 2 | . . 2 Weapon 2 | . . 2 Highest Loss Streak 6 | . . 6 To Critical Strikes 1 | . . 1 Average Backups 5 | 3 4 5 Power . | . 1 . Propulsion 3 | 2 2 3 Utility . | . . . Weapon . | . 1 . Tool/Special . | . . . Unused Backups 5 | . . 5 Power . | . . . Propulsion 2 | . . 2 Utility 1 | . . 1 Weapon 1 | . . 1 Tool/Special 1 | . . 1 Average Slot Usage (%) 98 | . 100 98 Engine 14 | . 14 14 Leg 27 | . 28 27 Device 13 | . 14 13 Storage 13 | . 14 13 Energy Gun 13 | . 14 13 Ballistic Gun 13 | . 14 13 Peak Build Rating 10 | 7 7 10 Average Rating 7 | 3 7 7 On Entrance 4 | . 7 7 Naked Turns . | . . . Heaviest Build 21 | 15 15 21 Greatest Support 40 | 20 20 40 Greatest Overweight (x) 2 | 2 . 1 Average Overweight (x) . | . . . Largest Inventory Capacity 8 | 8 8 8 Average Capacity 7 | 7 8 7 Most Carried 8 | 8 4 8 Average Carried 6 | 4 4 6 Final Capacity 8 | 8 8 5 Final Carried 4 | 4 4 3 Class Distribution -------------------- 100% | Mutant Dominant Class ---------------- Mutant | -10/Materials Mutant | -10/Subcaves Resources | -11 -10 -10 ----------- Run | Yrd Mat Sub Matter Collected 350 | 204 31 115 Remotely . | . . . Salvage Created 102 | 42 . 60 Parts 9 | 5 . 4 Haulers Intercepted . | . . . Recyclers Shooed . | . . . Parts Field Recycled . | . . . Retrieved Matter . | . . . Parts Self-Destructed 10 | . . 10 Prevented . | . . . Kills | -11 -10 -10 ------- Run | Yrd Mat Sub Combat Hostiles Destroyed 1 | . . 1 Guns 1 | . . 1 Classes Destroyed 3 | 2 . 1 Worker 1 | 1 . . Tunneler 1 | 1 . . Subdweller 1 | . . 1 Best Kill Streak 2 | 2 . 1 Combat Bots Only 1 | . . 1 Max Kills in Single Turn 1 | 1 . 1 Gunslinging . | . . . Exploded . | . . . Melee . | . . . Uniques/NPCs Destroyed . | . . . Combat | -11 -10 -10 -------- Run | Yrd Mat Sub Hostile Shots Fired 97 | . . 97 Missed 31 | . . 31 Hits 66 | . . 66 Projectile 66 | . . 66 Critical Strikes 2 | . . 2 Damage Taken 1299 | . . 1299 Core 262 | . . 262 Absorbed by Shields . | . . . Core Remaining (%) 100 | 100 . . Volleys Fired 32 | 9 . 23 Largest 2 | 2 . 2 Hottest 80 | 70 . 80 Shots Fired 57 | 11 . 46 Gun 57 | 11 . 46 Cannon . | . . . Launcher . | . . . Special . | . . . Kinetic 25 | 2 . 23 Thermal 32 | 9 . 23 Explosive . | . . . Electromagnetic . | . . . Robot Hit Streak 7 | 3 . 7 Robot Miss Streak 2 | 1 . 2 Penetration Max . | . . . Secondary Targets . | . . . Shots Hit Robots 27 | 7 . 20 Core Hits 7 | 3 . 4 Critical Kills . | . . . Critical Parts Destroyed . | . . . Critical Strikes 1 | 1 . . Burn 1 | 1 . . Melee Attacks . | . . . Impact . | . . . Slashing . | . . . Piercing . | . . . Sneak Attacks . | . . . Combat Hostiles . | . . . Follow-up Attacks . | . . . Damage Inflicted 423 | 89 . 334 Guns 423 | 89 . 334 Cannons . | . . . Explosions . | . . . Melee . | . . . Ramming . | . . . Kinetic 165 | 14 . 151 Thermal 258 | 75 . 183 Explosive . | . . . Electromagnetic . | . . . Impact . | . . . Slashing . | . . . Piercing . | . . . Highest Corruption . | . . . Average Corruption . | . . . Corruption Purged . | . . . Corruption Blocked . | . . . Overload Shots . | . . . Overflow Damage . | . . . Projectiles . | . . . Explosions . | . . . Melee . | . . . Knockbacks . | . . . Impact . | . . . Kinetic . | . . . Secondary . | . . . Self-Inflicted Damage . | . . . Shots . | . . . Rammed . | . . . Targets Rammed . | . . . Kicked . | . . . Crushed . | . . . Highest Temperature 9 | 9 . . Average Temperature 6 | 6 . . Received Heat Transfer 222 | . . 222 Siege Activations . | . . . Martial Activations . | . . . Shielding Activations . | . . . Robots Disrupted . | . . . Combat Hostiles . | . . . Robots Corrupted . | . . . Combat Hostiles . | . . . Parts Fried . | . . . Impact Corruptions . | . . . Robots Melted . | . . . Combat Hostiles . | . . . Parts Melted . | . . . Heat Transferred 533 | 296 . 237 Parts Sabotaged . | . . . Parts Stolen . | . . . Parts Stripped . | . . . Power Chain Reactions . | . . . Alert | -11 -10 -10 ------- Run | Yrd Mat Sub Maximum Alert Level . | . . . Low Security (%) 100 | 100 100 . Level 1 . | . . . Level 2 . | . . . Level 3 . | . . . Level 4 . | . . . Level 5 . | . . . High Security . | . . . Max Security . | . . . Peak Influence 15 | 5 15 . Initial 3 | . 3 . Average 2 | . 4 . Influence Increases 30 | 10 20 . Destroy 0b10 Robot/NC 10 | 10 . . Successful Hack 5 | . 5 . Lose Combat Pursuer 15 | . 15 . Influence Decreases 30 | 5 25 . Entered New Map 2 | . 2 . Time Decay 28 | 5 23 . Squads Dispatched . | . . . Investigation . | . . . Extermination . | . . . Reinforcement . | . . . Assault . | . . . Garrison . | . . . Intercept . | . . . Searches Triggered . | . . . Construction Impeded . | . . . Haulers Reinforced . | . . . Active Scanning Responses . | . . . Cargo Convoy Interrupts . | . . . Stealth | -11 -10 -10 --------- Run | Yrd Mat Sub Distress Signals . | . . . Communications Jammed . | . . . Distress Signals . | . . . Times Spotted 12 | . 3 9 Peak Tracking Total 2 | . 2 2 Tactical Retreats 2 | . 1 1 Traps | -11 -10 -10 ------- Run | Yrd Mat Sub Traps Triggered . | . . . Indirectly . | . . . Trap Hack Attempts . | . . . Triggered . | . . . Disarmed . | . . . Reprogrammed . | . . . Reused . | . . . Traps Extracted . | . . . Installed . | . . . Triggered . | . . . Machines | -11 -10 -10 ---------- Run | Yrd Mat Sub Machines Disabled . | . . . Max in Single Turn . | . . . Machines Repaired . | . . . Machines Dismantled . | . . . Machines Sabotaged . | . . . Overloaded Fab Kills . | . . . Hacking | -11 -10 -10 --------- Run | Yrd Mat Sub Machines Accessed 2 | . 1 1 Terminals 1 | . 1 . Fabricators . | . . . Repair Stations . | . . . Recycling Units . | . . . Scanalyzers . | . . . Garrison Access . | . . . Total Hacks 5 | . 1 4 Successful 5 | . 1 4 Failed . | . . . Catastrophic . | . . . Database Lockouts . | . . . Manual . | . . . Terminals 1 | . 1 . Fabricators . | . . . Repair Stations . | . . . Recycling Units . | . . . Scanalyzers . | . . . Garrison Access . | . . . Terminal Hacks 5 | . 1 4 Record 4 | . . 4 Hauler Manifests 1 | . 1 . Fabricator Hacks . | . . . Repair Station Hacks . | . . . Recycling Unit Hacks . | . . . Scanalyzer . | . . . Garrison Access Hacks . | . . . Unauthorized Hacks . | . . . Terminals . | . . . Fabricators . | . . . Repair Stations . | . . . Recycling Units . | . . . Scanalyzers . | . . . Garrison Access . | . . . Data Cores Recovered . | . . . Used . | . . . Hacking Detections 1 | . 1 . Full Trace Events . | . . . Feedback Events . | . . . Feedback Blocked . | . . . Robot Schematics Acquired . | . . . Robots Built . | . . . Authchips . | . . . Time . | . . . Total Robot Build Rating . | . . . Part Schematics Acquired . | . . . Parts Built . | . . . Authchips . | . . . Time . | . . . Total Part Build Rating . | . . . Parts Repaired . | . . . Time . | . . . Parts Recycled . | . . . Recycled Matter . | . . . Retrieved Matter . | . . . Retrieved Components . | . . . Parts Scanalyzed . | . . . Part Schematics Acquired . | . . . Parts Damaged . | . . . Bothacking | -11 -10 -10 ------------ Run | Yrd Mat Sub Used RIF Installer . | . . . Robots Hacked . | . . . Non-combat . | . . . Combat . | . . . Robot Hacks Applied . | . . . Relay Couplers Released . | . . . Fabnet Peak Effective % . | . . . Robots Rewired . | . . . Allies Hacked . | . . . Hacks Repelled . | . . . Allies | -11 -10 -10 -------- Run | Yrd Mat Sub Total Allies . | . . . Largest Group . | . . . Highest-Rated Group . | . . . Highest-Rated Ally . | . . . Total Orders . | . . . Ally Attacks . | . . . Total Damage . | . . . Kills . | . . . Allies Corrupted . | . . . Allies Melted . | . . . Intel | -11 -10 -10 ------- Run | Yrd Mat Sub Active Infowar (turns) 1730 | 14 95 1621 Seismic 1730 | 14 95 1621 Robot Analysis Total . | . . . Derelict Logs Recovered 2 | . . 2 Drone Launches . | . . . Drone Recoveries . | . . . Exploration | -11 -10 -10 ------------- Run | Yrd Mat Sub Turns Passed 1888 | 106 95 1687 Spaces Moved 1406 | 66 73 1267 Core 35 | 35 . . Treads 18 | . . 18 Legs 1353 | 31 73 1249 Wheels . | . . . Hover . | . . . Flight . | . . . Fastest Speed 50 | 50 120 120 Average Speed 119 | 105 120 120 Slowest Speed 190 | 150 120 190 Overloaded Moves . | . . . Propulsion Burnouts . | . . . Robots Hopped . | . . . Potential Cave-ins . | . . . Cave-ins Triggered . | . . . Exploration Rate (%) 32 | 5 19 72 Regions Visited 2 Branch Regions 1 Pre-discovered Areas 2 | . . 2 Known Exits Taken . | . . . Unknown Exits Taken 2 | 1 1 . Scrap Searched . | . . . Spaces Dug . | . . . Terrain Destroyed . | . . . Melee . | . . . Projectile . | . . . AOE . | . . . Terrain Rammed . | . . . Walls Destroyed . | . . . Machines Disabled . | . . . Actions | -11 -10 -10 --------- Run | Yrd Mat Sub Total 1552 | 91 80 1381 Wait 79 | . 8 71 Move 1404 | 65 72 1267 Hop . | . . . Pick Up 16 | 10 . 6 Fast Attach 1 | 1 . . Attach 8 | 6 . 2 Detach . | . . . Swap 4 | . . 4 Drop 8 | . . 8 Fire 32 | 9 . 23 Melee . | . . . Ram . | . . . Kick . | . . . Crush . | . . . Escape Stasis . | . . . Rewire . | . . . Trap . | . . . Miscellaneous . | . . . Route ------- -11/Scrapyard -10/Materials -10/Subcaves (discovered 4 exits: *Mat x2 / Rec / [Scr]) History --------- Turn | Location | Event 5 | -11/Scrapyard | Discovered new exit (range 16) 107 | -11/Scrapyard | Entered Materials 108 | -10/Materials | Met a group of wandering Federalists 192 | -10/Materials | Discovered new exit (range 8) 202 | -10/Materials | Entered Subcaves 202 | -10/Subcaves | Accompanied by 3 allies 203 | -10/Subcaves | Continued accompanying wandering Federalists (4) 203 | -10/Subcaves | Approached by a straggling Scientist 212 | -10/Subcaves | Learned 2 Materials zone layouts 281 | -10/Subcaves | Shifting Twisted Machinery released Battle Rifle 304 | -10/Subcaves | Build established: Mutant 350 | -10/Subcaves | Shifting Twisted Machinery released Piercing Trap 356 | -10/Subcaves | Shifting Twisted Machinery released Shrapnel Trap 471 | -10/Subcaves | Wandering Federalist uncovered a shortcut to Scraptown 507 | -10/Subcaves | Shifting Twisted Machinery released Spk. Treads 780 | -10/Subcaves | Visited Clippyterm 783 | -10/Subcaves | Identified exit to Materials 783 | -10/Subcaves | Identified exit to Recycling 783 | -10/Subcaves | Learned location of Section 7 (-2) 1344 | -10/Subcaves | A swath of the cavern ceiling suddenly collapsed 1521 | -10/Subcaves | Lost 3 allies 1721 | -10/Subcaves | Learned location of Mines (-9) 1834 | -10/Subcaves | Core integrity fell below 50% 1880 | -10/Subcaves | Core integrity fell below 20% 1889 | -10/Subcaves | Destroyed by 98-21R(R) with Subdweller Machine Gun Last Messages --------------- 01573_ Dropped Ion Engine. 01575_ Acquired 10 matter. 01721_ Acquired derelict log, extracted data. World map updated: -9/Mines. 01766_ 41-KL1(R) emerges from the Twisted Machinery. 01767_ FJ-8NT(z): "She is not going to be happy we haven't found any suitable candidates yet." 01811_ Aluminum Leg destroyed. 01823_ Seismic Detector destroyed. 01833_ Sub. Power Source shoots sparks and powers down. 01834_ Assault Rifle destroyed. 01835_ Dropped Aluminum Leg. 01836_ Critical hit (Destroy). 01836_ Sub. Laser destroyed. 01837_ Dropped Broken Sub. Power Source. 01838_ Dropped Sml. Storage Unit. 01862_ Scrap Shield destroyed. 01883_ Lgt. Treads destroyed. Map ----- +----------------------------------------------------+ | ?????????????????????????????????????????????????? | | ?????????????????????????????????????????????????? | | ?????????????????????????????????????????????????? | | ?????????????????????????????????????????????????? | | ?????????????????????????????????????????????????? | | ?????????????????????????????????????????????????? | | ?????????????????????????????????????????????????? | | ?????????????????????????????????????????????????? | | ?????????????????????????????????????????????????? | | ?????????????????????????????????????????????????? | | ?????????????????????????????????????????????????? | | ?????????????????????????????????????????????????? | | ???????????????????????????####??????????????????? | | ???????????????????????????# #########??????????? | | ???????????????????????##### # ##?????##### | | ???????????###?????????# ####?## # | | ???????????# ########### ## ### ### | | ??????????## # ##""### # ##?# ## | | ??????????# """" # ##?# ## | | ?????????## " #?######## | | ?????????# ### # #????????## | | ??????# ## ### #"#" ##?????????# ## | | ??????# #?## ## " " ### #??????????## ##### | | ??????## #??## # ""#######???????????###???## | | ???????##???# ## "R #??????????????????????? | | ????????????## # ## ""R @#??????????????????????? | | ????????????# #####"" ## #??????????????????????? | | ????????????# ## " ####??????????????????????? | | ????????????## ### *#?????????????????????????? | | ?????????????# ### =%#?????????????????????????? | | ?????????????# #?????????????????????????? | | ????????????# ### #?###?????????????????????? | | ????????????##??# ## #?????????????????????? | | ????????????????# #?????????????????????? | | ????????????????# *=! #?????????????????????? | | ????????????????# % ##????????????????????? | | ????????????????# = #????????????????????? | | ????????????????# #????????????????????? | | ???????????????## ##????????????????????? | | ???????????????# ##?????????????????????? | | ???????????????# #??????????????????????? | | ???????????????# #??????????????????????? | | ???????????????## ####??????????????????????? | | ????????????????## ##?????????????????????????? | | ?????????????????### ##??????????????????????????? | | ???????????????????###???????????????????????????? | | ?????????????????????????????????????????????????? | | ?????????????????????????????????????????????????? | | ?????????????????????????????????????????????????? | | ?????????????????????????????????????????????????? | +----------------------------------------------------+ Best States ------------- Heat Dissipation 25 Energy Generation 15 Energy Capacity 250 Matter Stores 300 Matter Capacity 300 Sight Range 16 Terrain Scan Density 10 Armor Coverage 800 Evasion (%) 55 Recoil Reduction 2 Item Schematics ----------------- None Robot Schematics ------------------ None Fabricated ------------ Nothing Repaired ---------- Nothing Alien Tech Used ----------------- None Achievements -------------- None Challenges ------------ None Game ------ Seed BottomlessGravitonStorage Manual? 0 Play Time 00:11:32 Cumulative 14.3 hours Start 2025.07.19 @ 10:00:03 End 2025.07.19 @ 10:10:11 Sessions 1 Manual Loads 0 Difficulty Rogue Special Mode None Game No. 41 Rogue 41 Adventurer 0 Explorer 0 Win Type - Total 0 Types 0/0/0/0/0/0/0/0/0/0 Lore% 16 Gallery% 17 Achievement% 14 Wizard Run 0 Options --------- Layout 1 ASCII 0 Keyboard 0 Movement Mouse Keybinds 0 Fullscreen 1 Font 32/Smallcaps Map View 50x35 Zoom Use 0% Tactical HUD 1 Map Filters NONE Filters NONE Steam 1 RUN: ba7716d4-fc28-4a0a-87b9-8875d35f2958